WCHLSIM.com - West Coast Hockey League
html PUBLIC "-//W3C//DTD XHTML 1.0 Transitional//EN" "http://www.w3.org/TR/xhtml1/DTD/xhtml1-transitional.dtd"> WCHL - Game 390 - SEATTLE GRUNGE vs ANAHEIM OUTLAWS

SEATTLE GRUNGE vs ANAHEIM OUTLAWS

Created - 30 novembre 2019 at 10:43

Goals
1 2 3 T
SEATTLE GRUNGE 0 0 0 0
ANAHEIM OUTLAWS 0 0 3 3
Shots
1 2 3 T
SEATTLE GRUNGE 10 15 2 27
ANAHEIM OUTLAWS 13 9 16 38

1st period

No Goal

Penalties :
Mark Borowiecki (ANA) for Fighting (Major) at 0:58, J.T. Brown (SEA) for Fighting (Major) at 0:58, Adrian Kempe (ANA) for Roughing (Minor) at 3:23, Jeff Skinner (SEA) for Hooking (Minor) at 5:54

2nd period

No Goal

Penalties :
Mark Borowiecki (ANA) for Roughing (Minor) at 12:30

3rd period

1. ANAHEIM OUTLAWS , Maxime Lajoie 2 (Richard Panik 7, Robert Bortuzzo 5) at 0:38
2. ANAHEIM OUTLAWS , Jonathan Audy-Marchessault 9 (John Tavares 11) at 11:05
3. ANAHEIM OUTLAWS , Jonathan Audy-Marchessault 10 (John Tavares 12, Matt Duchene 19) at 18:07 (PP)

Penalties :
Mark Borowiecki (ANA) for Interference (Minor) at 15:59, J.T. Brown (SEA) for High sticking (Minor) at 16:29

Goalie Stats

Semyon Varlamov (SEA), 35 saves from 38 shots - (0,921), L, 12-4-0, 60:00 minutes
Matthew Murray (ANA), 27 saves from 27 shots - (1,000), W, 12-7-1, 60:00 minutes

Players Stats for SEATTLE GRUNGE

Player Name              G  A  P  +/- PIM S  H  SB GA TA FO     MP     PP MP  PK MP  
------------------------------------------------------------------------------------
Chris Tierney            0  0  0  -1  0   3  1  1  0  0  14/22  19:07   2:10   0:50 
Damon Severson           0  0  0   0  0   0  1  2  0  0  0/0    21:40   1:57   1:04 
J.T. Brown               0  0  0  -1  7   0  1  0  0  0  2/3    16:10   1:22   1:06 
Jason Zucker             0  0  0   0  0   5  2  0  0  0  0/2    16:15   0:00   0:50 
Jeff Skinner             0  0  0   0  2   2  1  0  0  0  0/1    22:53   0:00   0:00 
Josh Bailey              0  0  0  -1  0   2  0  0  0  0  1/2    18:27   2:10   1:03 
Michael Frolik           0  0  0  -1  0   5  1  1  0  0  1/2    17:24   2:10   0:00 
Mike Sgarbossa           0  0  0   0  0   0  0  0  0  0  0/0     1:38   0:55   0:00 
Oskar Sundqvist          0  0  0  -1  0   1  0  0  0  0  12/27  17:05   2:18   0:21 
Rasmus Dahlin            0  0  0   0  0   0  2  0  0  0  0/0    21:37   1:57   1:01 
Roman Josi               0  0  0  -1  0   2  0  1  0  0  0/0    21:36   2:31   1:01 
Seth Jones               0  0  0  -1  0   0  1  1  0  0  0/0    20:35   2:31   0:00 
Travis Sanheim           0  0  0  -1  0   0  0  0  0  0  0/0    17:48   0:00   1:04 
Tyler Seguin             0  0  0   0  0   4  1  1  0  0  12/23  22:54   0:00   0:00 
Victor Rask              0  0  0   0  0   0  0  0  0  0  0/0     0:00   0:00   0:00 
Vladimir Sobotka         0  0  0  -1  0   2  0  0  0  0  0/0    16:44   2:18   0:00 
Yannick Weber            0  0  0  -1  0   0  1  0  0  0  0/0    16:44   0:00   0:00 
Zemgus Girgensons        0  0  0   0  0   1  0  0  0  0  4/11    7:46   0:00   0:00 

Players Stats for ANAHEIM OUTLAWS

Player Name              G  A  P  +/- PIM S  H  SB GA TA FO     MP     PP MP  PK MP  
------------------------------------------------------------------------------------
Adrian Kempe             0  0  0   1  2   3  1  0  0  0  11/18  14:13   0:00   0:00 
Duncan Keith             0  0  0   0  0   1  0  2  0  0  0/0    23:16   0:57   1:48 
John Tavares             0  2  2   1  0   4  0  0  0  0  18/27  24:04   0:57   0:00 
Jonathan Audy-Marchessau 2  0  2   1  0   10 2  0  0  0  3/7    18:52   0:57   2:22 
Jonathan Drouin          0  0  0   0  0   2  0  0  0  0  1/2    19:20   1:08   2:06 
Keith Yandle             0  0  0   0  0   0  0  0  0  0  0/0     3:18   0:18   0:45 
Kevin Fiala              0  0  0   1  0   0  0  0  0  0  0/1    16:08   1:08   0:00 
Mark Borowiecki          0  0  0   0  9   1  10 1  0  0  0/0    18:37   0:57   0:00 
Matt Duchene             0  1  1   0  0   4  0  0  0  0  9/21   19:36   1:08   2:22 
Maxime Lajoie            1  0  1   1  0   3  0  0  0  0  0/0    20:22   1:08   2:40 
Michael Grabner          0  0  0   1  0   2  0  0  0  0  1/1    14:14   0:00   0:00 
Michael Rasmussen        0  0  0   0  0   0  1  0  0  0  4/14    7:34   0:00   0:00 
Morgan Rielly            0  0  0   1  0   2  0  0  0  0  0/0    15:59   0:00   0:00 
Nicholas Ritchie         0  0  0   0  0   0  2  0  0  0  0/1    15:10   0:00   0:00 
Richard Panik            0  1  1   1  0   5  1  0  0  0  0/0    15:11   0:57   0:00 
Robert Bortuzzo          0  1  1   1  0   1  4  0  0  0  0/0    20:27   0:50   2:40 
Ryan Callahan            0  0  0   0  0   0  2  0  0  0  0/1     9:40   0:00   2:06 
Thomas Hickey            0  0  0   1  0   0  1  0  0  0  0/0    17:58   0:00   1:03 

3 Stars

1 - Matthew Murray (ANA)
2 - Jonathan Audy-Marchessault (ANA)
3 - John Tavares (ANA)

Power Play

SEATTLE GRUNGE - 0 on 3 Attempt(s) - 0,00%
ANAHEIM OUTLAWS - 1 on 2 Attempt(s) - 50,00%

Penalty Kill

SEATTLE GRUNGE - 1 on 2 Attempt(s) - 50,00% - Score 0 goal in Penalty Kill
ANAHEIM OUTLAWS - 3 on 3 Attempt(s) - 100,00% - Score 0 goal in Penalty Kill

Team Stat

SEATTLE GRUNGE - Hits : 12 - Faceoff Wins : 46 - Blocked Shots : 7 - Penalty Minutes : 9
ANAHEIM OUTLAWS - Hits : 24 - Faceoff Wins : 47 - Blocked Shots : 3 - Penalty Minutes : 11

Official

Referees : Brad Meier and Dennis LaRue
Linesman : Michael Voyer and Luke Galvin

Game Notes

Mark Borowiecki and J.T. Brown fight to a draw at 0:58 of 1st period

Finance

Level 1 -- Attendance: 6500 (100,00%) -- Ticket Income 702 000 $
Level 2 -- Attendance: 5500 (100,00%) -- Ticket Income 390 500 $
Level 3 -- Attendance: 2500 (100,00%) -- Ticket Income 107 500 $
Level 4 -- Attendance: 5000 (100,00%) -- Ticket Income 135 000 $
Luxury Box -- Attendance: 1000 (100,00%) -- Ticket Income 215 000 $
Game was played at the Bouch Garden.
Total Attendance: 20500 (100,00%)
Total Ticket Income: 1 550 000 $
Other Income: 465 000 $
Total Income: 2 015 000 $

SEATTLE GRUNGE

5 vs 5 Forward 
   Center                   Left Wing                Right Wing               Time % Phy DF OF 
 1 Tyler Seguin             Jeff Skinner             Jason Zucker             30     1   1  3  
 2 Chris Tierney            Josh Bailey              Michael Frolik           30     1   3  1  
 3 Oskar Sundqvist          Vladimir Sobotka         J.T. Brown               24     1   2  2  
 4 Zemgus Girgensons        Tyler Seguin             Jeff Skinner             16     1   2  2  

5 vs 5 Defense 
   Defense                  Defense                                           Time % Phy DF OF 
 1 Roman Josi               Seth Jones                                        34     1   2  2  
 2 Damon Severson           Rasmus Dahlin                                     33     1   2  2  
 3 Travis Sanheim           Yannick Weber                                     33     1   2  2  
 4 Roman Josi               Seth Jones                                        0      1   2  2  

PowerPlay Forward 
   Center                   Left Wing                Right Wing               Time % Phy DF OF 
 1 Oskar Sundqvist          Vladimir Sobotka         J.T. Brown               55     0   1  4  
 2 Chris Tierney            Josh Bailey              Michael Frolik           45     1   1  3  

PowerPlay Defense
   Defense                  Defense                                           Time % Phy DF OF 
 1 Roman Josi               Seth Jones                                        55     1   1  3  
 2 Damon Severson           Rasmus Dahlin                                     45     1   1  3  

Penalty Kill 4 Players Forward 
   Center                   Wing                     Time % Phy DF OF 
 1 J.T. Brown               Josh Bailey              55     1   2  2  
 2 Chris Tierney            Jason Zucker             45     1   2  2  

Penalty Kill 4 Players Defense
   Defense                  Defense                  Time % Phy DF OF 
 1 Roman Josi               Rasmus Dahlin            55     1   2  2  
 2 Damon Severson           Travis Sanheim           45     1   2  2  

Penalty Kill - 3 Players Forward 
   Forward                                           Time % Phy DF OF 
 1 Tyler Seguin                                      55     1   2  2  
 2 Jeff Skinner                                      45     1   2  2  

Penalty Kill - 3 Players Defense
   Defense                  Defense                  Time % Phy DF OF 
 1 Roman Josi               Seth Jones               55     1   2  2  
 2 Damon Severson           Rasmus Dahlin            45     1   2  2  

4 vs 4 Forward 
   Center                   Wing                     Time % Phy DF OF 
 1 Tyler Seguin             Jeff Skinner             55     1   2  2  
 2 Chris Tierney            Jason Zucker             45     1   2  2  

4 vs 4 Defense
   Defense                  Defense                  Time % Phy DF OF 
 1 Roman Josi               Seth Jones               55     1   2  2  
 2 Damon Severson           Rasmus Dahlin            45     1   2  2  

Last Minutes Offensive
   Center                   Left Wing                Right Wing               Defense                  Defense                  
   Tyler Seguin             Jeff Skinner             Jason Zucker             Roman Josi               Seth Jones               

Last Minutes Defensive
   Center                   Left Wing                Right Wing               Defense                  Defense                  
   Tyler Seguin             Jeff Skinner             Jason Zucker             Roman Josi               Seth Jones               

Goaltenders
Starting : Semyon Varlamov          
Backup : Carter Hutton            

Extra Forwards
Normal : Mike Sgarbossa, Victor Rask, Oskar Sundqvist - PP : Mike Sgarbossa, Victor Rask - PK : Oskar Sundqvist
Extra Defensemen
Normal : Travis Sanheim, Damon Severson, Seth Jones - PP : Roman Josi - PK : Rasmus Dahlin, Yannick Weber
Penalty Shots
Tyler Seguin, Jeff Skinner, Chris Tierney, Jason Zucker, Josh Bailey
Custom OT Lines Forwards
Tyler Seguin, Jeff Skinner, Chris Tierney, Jason Zucker, Josh Bailey, Michael Frolik, Oskar Sundqvist, Vladimir Sobotka, Zemgus Girgensons, Mike Sgarbossa
Custom OT Lines Defensemen
Roman Josi, Seth Jones, Damon Severson, Rasmus Dahlin, Travis Sanheim

Scratches
Matthew Grzelcyk (Groin Injury), Sonny Milano (Healthy), Chad Johnson (Healthy)

ANAHEIM OUTLAWS

5 vs 5 Forward 
   Center                   Left Wing                Right Wing               Time % Phy DF OF 
 1 John Tavares             Jonathan Audy-MarchessaulKevin Fiala              29     1   1  3  
 2 Matt Duchene             Nicholas Ritchie         Jonathan Drouin          29     1   2  2  
 3 Adrian Kempe             Michael Grabner          Richard Panik            25     1   2  2  
 4 Michael Rasmussen        John Tavares             Ryan Callahan            17     1   3  1  

5 vs 5 Defense 
   Defense                  Defense                                           Time % Phy DF OF 
 1 Mark Borowiecki          Duncan Keith                                      35     1   2  2  
 2 Robert Bortuzzo          Maxime Lajoie                                     35     1   2  2  
 3 Morgan Rielly            Thomas Hickey                                     20     1   4  0  
 4 Mark Borowiecki          Duncan Keith                                      10     1   2  2  

PowerPlay Forward 
   Center                   Left Wing                Right Wing               Time % Phy DF OF 
 1 John Tavares             Jonathan Audy-MarchessaulRichard Panik            50     0   1  4  
 2 Matt Duchene             Kevin Fiala              Jonathan Drouin          50     0   1  4  

PowerPlay Defense
   Defense                  Defense                                           Time % Phy DF OF 
 1 Mark Borowiecki          Duncan Keith                                      50     1   1  3  
 2 Maxime Lajoie            Robert Bortuzzo                                   50     1   1  3  

Penalty Kill 4 Players Forward 
   Center                   Wing                     Time % Phy DF OF 
 1 Jonathan Audy-MarchessaulMatt Duchene             50     1   4  0  
 2 Jonathan Drouin          Ryan Callahan            50     1   4  0  

Penalty Kill 4 Players Defense
   Defense                  Defense                  Time % Phy DF OF 
 1 Thomas Hickey            Duncan Keith             50     1   4  0  
 2 Maxime Lajoie            Robert Bortuzzo          50     1   4  0  

Penalty Kill - 3 Players Forward 
   Forward                                           Time % Phy DF OF 
 1 Richard Panik                                     55     1   2  2  
 2 John Tavares                                      45     1   2  2  

Penalty Kill - 3 Players Defense
   Defense                  Defense                  Time % Phy DF OF 
 1 Robert Bortuzzo          Thomas Hickey            55     1   2  2  
 2 Maxime Lajoie            Duncan Keith             45     1   2  2  

4 vs 4 Forward 
   Center                   Wing                     Time % Phy DF OF 
 1 John Tavares             Jonathan Audy-Marchessaul50     1   2  2  
 2 Jonathan Drouin          Matt Duchene             50     1   2  2  

4 vs 4 Defense
   Defense                  Defense                  Time % Phy DF OF 
 1 Maxime Lajoie            Duncan Keith             50     1   2  2  
 2 Robert Bortuzzo          Mark Borowiecki          50     1   2  2  

Last Minutes Offensive
   Center                   Left Wing                Right Wing               Defense                  Defense                  
   Matt Duchene             Jonathan Audy-MarchessaulKevin Fiala              Maxime Lajoie            Mark Borowiecki          

Last Minutes Defensive
   Center                   Left Wing                Right Wing               Defense                  Defense                  
   Jonathan Drouin          Michael Grabner          Jonathan Audy-MarchessaulDuncan Keith             Robert Bortuzzo          

Goaltenders
Starting : Matthew Murray           
Backup : Mackenzie Blackwood      

Extra Forwards
Normal : Jonathan Audy-Marchessault, Jonathan Drouin, Matt Duchene - PP : Matt Duchene, Jonathan Drouin - PK : Matt Duchene
Extra Defensemen
Normal : Thomas Hickey, Duncan Keith, Robert Bortuzzo - PP : Duncan Keith - PK : Maxime Lajoie, Duncan Keith
Penalty Shots
John Tavares, Ryan Callahan, Jonathan Audy-Marchessault, Matt Duchene, Jonathan Drouin
Custom OT Lines Forwards
Jonathan Audy-Marchessault, Jonathan Drouin, Kevin Fiala, Matt Duchene, John Tavares, Ryan Callahan, Michael Grabner, Nicholas Ritchie, Richard Panik, Adrian Kempe
Custom OT Lines Defensemen
Robert Bortuzzo, Thomas Hickey, Duncan Keith, Maxime Lajoie, Mark Borowiecki

Scratches
Brett Pollock (Healthy), Cole Bardreau (Healthy), Frederik Gauthier (Healthy), Garnet Hathaway (Healthy), Joe Hicketts (Right Leg Injury)
Logan Shaw (Healthy), Mike Condon (Healthy)

% Time on Ice - SEATTLE GRUNGE

Lines # - Real PCT - Wanted PCT - Time Play
Normal Forward
1 - 28% - 30% - 14:32
2 - 29% - 30% - 15:14
3 - 28% - 24% - 14:26
4 - 15% - 16% - 7:46
Normal Defense
1 - 33% - 34% - 17:11
2 - 35% - 33% - 18:03
3 - 32% - 33% - 16:44
4 - 0% - 0% - 0:00
PP Forward
1 - 51% - 55% - 2:18
2 - 49% - 45% - 2:10
PP Defense
1 - 56% - 55% - 2:31
2 - 44% - 45% - 1:57
PK Forward
1 - 60% - 55% - 1:15
2 - 40% - 45% - 0:50
PK Defense
1 - 49% - 55% - 1:01
2 - 51% - 45% - 1:04
PK3 Forward
1 - 0% - 55%
2 - 0% - 45%
PK3 Defense
1 - 0% - 55%
2 - 0% - 45%
44 Forward
1 - 40% - 55% - 0:36
2 - 60% - 45% - 0:53
44 Defense
1 - 60% - 55% - 0:53
2 - 40% - 45% - 0:36
Last Minute Offensive  - 0:00
Last Minute Defensive  - 0:00
Total
Forward - 60:00
Defense - 60:00

% Time on Ice - ANAHEIM OUTLAWS

Lines # - Real PCT - Wanted PCT - Time Play
Normal Forward
1 - 29% - 29% - 15:00
2 - 29% - 29% - 15:10
3 - 27% - 25% - 14:14
4 - 15% - 17% - 7:34
Normal Defense
1 - 34% - 35% - 17:41
2 - 31% - 35% - 16:01
3 - 31% - 20% - 15:59
4 - 4% - 10% - 2:17
PP Forward
1 - 46% - 50% - 0:57
2 - 54% - 50% - 1:08
PP Defense
1 - 46% - 50% - 0:57
2 - 54% - 50% - 1:08
PK Forward
1 - 53% - 50% - 2:22
2 - 47% - 50% - 2:06
PK Defense
1 - 40% - 50% - 1:48
2 - 60% - 50% - 2:40
PK3 Forward
1 - 0% - 55%
2 - 0% - 45%
PK3 Defense
1 - 0% - 55%
2 - 0% - 45%
44 Forward
1 - 37% - 50% - 0:33
2 - 63% - 50% - 0:56
44 Defense
1 - 37% - 50% - 0:33
2 - 63% - 50% - 0:56
Last Minute Offensive  - 0:00
Last Minute Defensive  - 0:00
Total
Forward - 60:00
Defense - 60:00

Play-by-Play

1st period


0:01 of 1st period - Tyler Seguin wins face-off versus John Tavares in neutral zone.
0:11 of 1st period - Jason Zucker is hit by Mark Borowiecki and loses puck.
0:19 of 1st period - Icing by Duncan Keith.
0:20 of 1st period - Chris Tierney wins face-off versus John Tavares in ANAHEIM OUTLAWS zone.
0:20 of 1st period - Michael Frolik is hit by Mark Borowiecki and loses puck.
0:57 of 1st period - Icing by Mark Borowiecki.
0:58 of 1st period - Oskar Sundqvist wins face-off versus John Tavares in ANAHEIM OUTLAWS zone.
0:58 of 1st period - Mark Borowiecki and J.T. Brown fight to a draw.
0:58 of 1st period - Penalty to Mark Borowiecki for Fighting.
0:58 of 1st period - Penalty to J.T. Brown for Fighting.
0:59 of 1st period - Matt Duchene wins face-off versus Oskar Sundqvist in ANAHEIM OUTLAWS zone.
1:18 of 1st period - Shot by Nicholas Ritchie.
1:18 of 1st period - Shot Misses the Net.
1:38 of 1st period - Shot by Matt Duchene.
1:38 of 1st period - Stopped by Semyon Varlamov without a rebound.
1:39 of 1st period - Adrian Kempe wins face-off versus Zemgus Girgensons in SEATTLE GRUNGE zone.
3:23 of 1st period - Minor Penalty to Adrian Kempe for Roughing.
3:24 of 1st period - Jonathan Audy-Marchessault wins face-off versus Oskar Sundqvist in ANAHEIM OUTLAWS zone.
3:35 of 1st period - Shot by Roman Josi.
3:35 of 1st period - Stopped by Matthew Murray with a rebound.
3:37 of 1st period - Shot by Roman Josi.
3:37 of 1st period - Shot Misses the Net.
3:39 of 1st period - Shot by Vladimir Sobotka.
3:39 of 1st period - Stopped by Matthew Murray without a rebound.
3:40 of 1st period - Oskar Sundqvist wins face-off versus Jonathan Audy-Marchessault in ANAHEIM OUTLAWS zone.
4:30 of 1st period - Shot by Chris Tierney.
4:30 of 1st period - Stopped by Matthew Murray without a rebound.
4:31 of 1st period - Chris Tierney wins face-off versus Jonathan Audy-Marchessault in ANAHEIM OUTLAWS zone.
5:45 of 1st period - Shot by Tyler Seguin.
5:45 of 1st period - Shot Misses the Net.
5:54 of 1st period - Minor Penalty to Jeff Skinner for Hooking.
5:55 of 1st period - Oskar Sundqvist wins face-off versus Matt Duchene in SEATTLE GRUNGE zone.
5:57 of 1st period - Roman Josi is hit by Nicholas Ritchie and loses puck.
6:11 of 1st period - Icing by Maxime Lajoie.
6:12 of 1st period - Matt Duchene wins face-off versus J.T. Brown in ANAHEIM OUTLAWS zone.
6:33 of 1st period - Shot by Matt Duchene.
6:33 of 1st period - Shot Misses the Net.
6:41 of 1st period - Shot by Kevin Fiala.
6:41 of 1st period - Shot Misses the Net.
6:43 of 1st period - Shot by Maxime Lajoie.
6:43 of 1st period - Stopped by Semyon Varlamov with a rebound.
8:04 of 1st period - Shot by John Tavares.
8:04 of 1st period - Stopped by Semyon Varlamov with a rebound.
8:15 of 1st period - Icing by Roman Josi.
8:16 of 1st period - Zemgus Girgensons wins face-off versus Adrian Kempe in SEATTLE GRUNGE zone.
8:16 of 1st period - Tyler Seguin is hit by Richard Panik and loses puck.
8:22 of 1st period - Roman Josi is hit by Adrian Kempe and loses puck.
9:11 of 1st period - Shot by Matt Duchene.
9:11 of 1st period - Deflect By Jonathan Drouin.
9:11 of 1st period - Shot Misses the Net.
9:13 of 1st period - Shot by Maxime Lajoie.
9:13 of 1st period - Stopped by Semyon Varlamov without a rebound.
9:14 of 1st period - Matt Duchene wins face-off versus Oskar Sundqvist in SEATTLE GRUNGE zone.
9:25 of 1st period - Shot by Jonathan Drouin.
9:25 of 1st period - Shot Misses the Net.
10:29 of 1st period - Shot by Michael Frolik.
10:29 of 1st period - Stopped by Matthew Murray without a rebound.
10:30 of 1st period - Tyler Seguin wins face-off versus Kevin Fiala in ANAHEIM OUTLAWS zone.
10:30 of 1st period - Tyler Seguin is hit by Robert Bortuzzo.
10:32 of 1st period - Shot by Jeff Skinner.
10:32 of 1st period - Stopped by Matthew Murray with a rebound.
10:52 of 1st period - Off-side.
10:53 of 1st period - Michael Frolik wins face-off versus Adrian Kempe in neutral zone.
11:04 of 1st period - Shot by Michael Grabner.
11:04 of 1st period - Stopped by Semyon Varlamov with a rebound.
11:06 of 1st period - Shot by Richard Panik.
11:06 of 1st period - Stopped by Semyon Varlamov without a rebound.
11:07 of 1st period - John Tavares wins face-off versus Tyler Seguin in SEATTLE GRUNGE zone.
11:08 of 1st period - Shot by Jonathan Audy-Marchessault.
11:08 of 1st period - Stopped by Semyon Varlamov without a rebound.
11:09 of 1st period - John Tavares wins face-off versus Tyler Seguin in SEATTLE GRUNGE zone.
11:13 of 1st period - Icing by Travis Sanheim.
11:14 of 1st period - John Tavares wins face-off versus Tyler Seguin in SEATTLE GRUNGE zone.
11:34 of 1st period - Shot by Jason Zucker.
11:34 of 1st period - Stopped by Matthew Murray without a rebound.
11:35 of 1st period - J.T. Brown wins face-off versus Matt Duchene in ANAHEIM OUTLAWS zone.
11:35 of 1st period - J.T. Brown is hit by Mark Borowiecki.
11:40 of 1st period - Icing by Mark Borowiecki.
11:41 of 1st period - Matt Duchene wins face-off versus Tyler Seguin in ANAHEIM OUTLAWS zone.
11:45 of 1st period - Icing by Jonathan Drouin.
11:46 of 1st period - Tyler Seguin wins face-off versus Matt Duchene in ANAHEIM OUTLAWS zone.
11:48 of 1st period - Jeff Skinner is hit by Mark Borowiecki and loses puck.
11:53 of 1st period - Shot by Jason Zucker.
11:53 of 1st period - Stopped by Matthew Murray without a rebound.
11:54 of 1st period - John Tavares wins face-off versus Tyler Seguin in ANAHEIM OUTLAWS zone.
11:54 of 1st period - Jonathan Audy-Marchessault is hit by Jason Zucker.
12:04 of 1st period - Shot by Jonathan Audy-Marchessault.
12:04 of 1st period - Stopped by Semyon Varlamov without a rebound.
12:05 of 1st period - Oskar Sundqvist wins face-off versus Matt Duchene in SEATTLE GRUNGE zone.
12:19 of 1st period - Icing by Mark Borowiecki.
12:20 of 1st period - Matt Duchene wins face-off versus Jason Zucker in ANAHEIM OUTLAWS zone.
12:46 of 1st period - Shot by Jonathan Drouin.
12:46 of 1st period - Shot Misses the Net.
12:48 of 1st period - Shot by Mark Borowiecki.
12:48 of 1st period - Stopped by Semyon Varlamov without a rebound.
12:49 of 1st period - John Tavares wins face-off versus Oskar Sundqvist in SEATTLE GRUNGE zone.
12:58 of 1st period - Shot by Jonathan Audy-Marchessault.
12:58 of 1st period - Stopped by Semyon Varlamov without a rebound.
12:59 of 1st period - Chris Tierney wins face-off versus Michael Rasmussen in SEATTLE GRUNGE zone.
12:59 of 1st period - Chris Tierney is hit by Michael Rasmussen.
13:13 of 1st period - Icing by Michael Frolik.
13:14 of 1st period - Chris Tierney wins face-off versus Nicholas Ritchie in SEATTLE GRUNGE zone.
13:33 of 1st period - Duncan Keith is hit by Chris Tierney and loses puck.
14:18 of 1st period - Shot by Jonathan Audy-Marchessault.
14:18 of 1st period - Shot Misses the Net.
15:13 of 1st period - Shot by Oskar Sundqvist.
15:13 of 1st period - Stopped by Matthew Murray without a rebound.
15:14 of 1st period - Michael Grabner wins face-off versus Oskar Sundqvist in ANAHEIM OUTLAWS zone.
15:45 of 1st period - Shot by Adrian Kempe.
15:45 of 1st period - Stopped by Semyon Varlamov without a rebound.
15:46 of 1st period - Matt Duchene wins face-off versus Josh Bailey in SEATTLE GRUNGE zone.
15:57 of 1st period - Shot by Jonathan Drouin.
15:57 of 1st period - Shot Blocked by Chris Tierney.
16:00 of 1st period - Icing by Damon Severson.
16:01 of 1st period - Chris Tierney wins face-off versus Michael Rasmussen in SEATTLE GRUNGE zone.
16:06 of 1st period - Shot by Chris Tierney.
16:06 of 1st period - Stopped by Matthew Murray without a rebound.
16:07 of 1st period - Adrian Kempe wins face-off versus Tyler Seguin in ANAHEIM OUTLAWS zone.
16:20 of 1st period - Shot by Tyler Seguin.
16:20 of 1st period - Stopped by Matthew Murray without a rebound.
16:21 of 1st period - Oskar Sundqvist wins face-off versus Michael Rasmussen in ANAHEIM OUTLAWS zone.
16:41 of 1st period - Off-side.
16:42 of 1st period - Tyler Seguin wins face-off versus Adrian Kempe in neutral zone.
18:12 of 1st period - Oskar Sundqvist is hit by Mark Borowiecki and loses puck.
18:21 of 1st period - Shot by Oskar Sundqvist.
18:21 of 1st period - Shot Misses the Net.
19:04 of 1st period - Shot by Matt Duchene.
19:04 of 1st period - Stopped by Semyon Varlamov with a rebound.
19:06 of 1st period - Shot by Morgan Rielly.
19:06 of 1st period - Stopped by Semyon Varlamov without a rebound.
19:07 of 1st period - Chris Tierney wins face-off versus Michael Rasmussen in SEATTLE GRUNGE zone.
19:32 of 1st period - Shot by Morgan Rielly.
19:32 of 1st period - Shot Misses the Net.
19:34 of 1st period - Shot by John Tavares.
19:34 of 1st period - Shot Misses the Net.
Goals for this period are 0 for SEATTLE GRUNGE vs 0 for ANAHEIM OUTLAWS.
Shots for this period are 10 for SEATTLE GRUNGE vs 13 for ANAHEIM OUTLAWS.

2nd period


0:01 of 2nd period - John Tavares wins face-off versus Zemgus Girgensons in neutral zone.
0:47 of 2nd period - Icing by Maxime Lajoie.
0:48 of 2nd period - John Tavares wins face-off versus Oskar Sundqvist in ANAHEIM OUTLAWS zone.
0:53 of 2nd period - Shot by Jonathan Audy-Marchessault.
0:53 of 2nd period - Stopped by Semyon Varlamov without a rebound.
0:54 of 2nd period - Chris Tierney wins face-off versus Matt Duchene in SEATTLE GRUNGE zone.
1:07 of 2nd period - Shot by Michael Frolik.
1:07 of 2nd period - Shot Misses the Net.
1:12 of 2nd period - Off-side.
1:13 of 2nd period - Adrian Kempe wins face-off versus Jeff Skinner in neutral zone.
1:20 of 2nd period - Shot by Morgan Rielly.
1:20 of 2nd period - Shot Blocked by Damon Severson.
1:42 of 2nd period - Shot by Adrian Kempe.
1:42 of 2nd period - Shot Misses the Net.
1:44 of 2nd period - Shot by Morgan Rielly.
1:44 of 2nd period - Shot Misses the Net.
1:48 of 2nd period - Shot by Richard Panik.
1:48 of 2nd period - Stopped by Semyon Varlamov with a rebound.
1:54 of 2nd period - Shot by Michael Grabner.
1:54 of 2nd period - Shot Misses the Net.
1:56 of 2nd period - Shot by Morgan Rielly.
1:56 of 2nd period - Stopped by Semyon Varlamov without a rebound.
1:57 of 2nd period - Oskar Sundqvist wins face-off versus Michael Rasmussen in SEATTLE GRUNGE zone.
1:57 of 2nd period - Oskar Sundqvist is hit by Ryan Callahan.
2:10 of 2nd period - Icing by Robert Bortuzzo.
2:11 of 2nd period - Chris Tierney wins face-off versus Michael Rasmussen in ANAHEIM OUTLAWS zone.
2:19 of 2nd period - Icing by Maxime Lajoie.
2:20 of 2nd period - Michael Rasmussen wins face-off versus Oskar Sundqvist in ANAHEIM OUTLAWS zone.
2:32 of 2nd period - Roman Josi is hit by Robert Bortuzzo and loses puck.
2:42 of 2nd period - Icing by Roman Josi.
2:43 of 2nd period - Oskar Sundqvist wins face-off versus Matt Duchene in SEATTLE GRUNGE zone.
2:43 of 2nd period - Oskar Sundqvist is hit by Nicholas Ritchie.
3:15 of 2nd period - Shot by Matt Duchene.
3:15 of 2nd period - Shot Misses the Net.
3:17 of 2nd period - Shot by Matt Duchene.
3:17 of 2nd period - Shot Blocked by Roman Josi.
3:25 of 2nd period - Shot by Duncan Keith.
3:25 of 2nd period - Stopped by Semyon Varlamov without a rebound.
3:26 of 2nd period - John Tavares wins face-off versus Chris Tierney in SEATTLE GRUNGE zone.
3:27 of 2nd period - Shot by Jonathan Audy-Marchessault.
3:27 of 2nd period - Shot Misses the Net.
3:29 of 2nd period - Shot by Robert Bortuzzo.
3:29 of 2nd period - Shot Misses the Net.
3:31 of 2nd period - Shot by Jonathan Audy-Marchessault.
3:31 of 2nd period - Stopped by Semyon Varlamov without a rebound.
3:32 of 2nd period - Tyler Seguin wins face-off versus John Tavares in SEATTLE GRUNGE zone.
3:32 of 2nd period - Tyler Seguin is hit by Jonathan Audy-Marchessault.
3:41 of 2nd period - Icing by Tyler Seguin.
3:42 of 2nd period - Tyler Seguin wins face-off versus Michael Rasmussen in SEATTLE GRUNGE zone.
3:42 of 2nd period - Tyler Seguin is hit by Ryan Callahan.
3:59 of 2nd period - Icing by Robert Bortuzzo.
4:00 of 2nd period - Chris Tierney wins face-off versus Michael Rasmussen in ANAHEIM OUTLAWS zone.
4:24 of 2nd period - Shot by Michael Frolik.
4:24 of 2nd period - Stopped by Matthew Murray without a rebound.
4:25 of 2nd period - Zemgus Girgensons wins face-off versus Matt Duchene in ANAHEIM OUTLAWS zone.
4:31 of 2nd period - Tyler Seguin is hit by Mark Borowiecki.
4:45 of 2nd period - Shot by Jeff Skinner.
4:45 of 2nd period - Deflect By Tyler Seguin.
4:45 of 2nd period - Stopped by Matthew Murray without a rebound.
4:46 of 2nd period - John Tavares wins face-off versus Chris Tierney in ANAHEIM OUTLAWS zone.
5:04 of 2nd period - John Tavares is hit by Damon Severson and loses puck.
5:11 of 2nd period - Shot by John Tavares.
5:11 of 2nd period - Stopped by Semyon Varlamov without a rebound.
5:12 of 2nd period - Tyler Seguin wins face-off versus Matt Duchene in SEATTLE GRUNGE zone.
5:27 of 2nd period - Shot by Tyler Seguin.
5:27 of 2nd period - Shot Misses the Net.
5:32 of 2nd period - Icing by Nicholas Ritchie.
5:33 of 2nd period - Oskar Sundqvist wins face-off versus Matt Duchene in ANAHEIM OUTLAWS zone.
6:49 of 2nd period - Maxime Lajoie is hit by Seth Jones and loses puck.
6:52 of 2nd period - Shot by John Tavares.
6:52 of 2nd period - Shot Misses the Net.
6:54 of 2nd period - Shot by John Tavares.
6:54 of 2nd period - Shot Misses the Net.
7:22 of 2nd period - Shot by Josh Bailey.
7:22 of 2nd period - Stopped by Matthew Murray with a rebound.
7:24 of 2nd period - Shot by Michael Frolik.
7:24 of 2nd period - Stopped by Matthew Murray with a rebound.
7:26 of 2nd period - Shot by Chris Tierney.
7:26 of 2nd period - Stopped by Matthew Murray without a rebound.
7:27 of 2nd period - Adrian Kempe wins face-off versus Chris Tierney in ANAHEIM OUTLAWS zone.
7:34 of 2nd period - Shot by Michael Grabner.
7:34 of 2nd period - Shot Misses the Net.
7:43 of 2nd period - Off-side.
7:44 of 2nd period - Oskar Sundqvist wins face-off versus Michael Rasmussen in neutral zone.
8:07 of 2nd period - Shot by Morgan Rielly.
8:07 of 2nd period - Shot Misses the Net.
8:32 of 2nd period - Shot by Richard Panik.
8:32 of 2nd period - Stopped by Semyon Varlamov without a rebound.
8:33 of 2nd period - Zemgus Girgensons wins face-off versus Adrian Kempe in SEATTLE GRUNGE zone.
8:37 of 2nd period - Off-side.
8:38 of 2nd period - Adrian Kempe wins face-off versus Zemgus Girgensons in neutral zone.
9:49 of 2nd period - Shot by Josh Bailey.
9:49 of 2nd period - Stopped by Matthew Murray without a rebound.
9:50 of 2nd period - John Tavares wins face-off versus Oskar Sundqvist in ANAHEIM OUTLAWS zone.
9:52 of 2nd period - Icing by Jonathan Audy-Marchessault.
9:53 of 2nd period - Oskar Sundqvist wins face-off versus John Tavares in ANAHEIM OUTLAWS zone.
12:04 of 2nd period - Icing by Roman Josi.
12:05 of 2nd period - Adrian Kempe wins face-off versus Chris Tierney in SEATTLE GRUNGE zone.
12:27 of 2nd period - Off-side.
12:28 of 2nd period - Zemgus Girgensons wins face-off versus John Tavares in neutral zone.
12:30 of 2nd period - Minor Penalty to Mark Borowiecki for Roughing.
12:31 of 2nd period - Chris Tierney wins face-off versus Jonathan Audy-Marchessault in ANAHEIM OUTLAWS zone.
12:40 of 2nd period - Shot by Roman Josi.
12:40 of 2nd period - Shot Misses the Net.
12:42 of 2nd period - Shot by Seth Jones.
12:42 of 2nd period - Shot Misses the Net.
12:46 of 2nd period - Shot by Seth Jones.
12:46 of 2nd period - Shot Misses the Net.
12:48 of 2nd period - Shot by Roman Josi.
12:48 of 2nd period - Stopped by Matthew Murray without a rebound.
12:49 of 2nd period - J.T. Brown wins face-off versus Ryan Callahan in ANAHEIM OUTLAWS zone.
13:27 of 2nd period - Icing by Damon Severson.
13:28 of 2nd period - Oskar Sundqvist wins face-off versus Jonathan Drouin in SEATTLE GRUNGE zone.
13:52 of 2nd period - Icing by Roman Josi.
13:53 of 2nd period - Jonathan Audy-Marchessault wins face-off versus Chris Tierney in SEATTLE GRUNGE zone.
13:56 of 2nd period - Shot by Jonathan Audy-Marchessault.
13:56 of 2nd period - Stopped by Semyon Varlamov without a rebound.
13:57 of 2nd period - Chris Tierney wins face-off versus Jonathan Audy-Marchessault in SEATTLE GRUNGE zone.
14:02 of 2nd period - Shot by Seth Jones.
14:02 of 2nd period - Shot Misses the Net.
14:04 of 2nd period - Shot by Michael Frolik.
14:04 of 2nd period - Stopped by Matthew Murray with a rebound.
14:06 of 2nd period - Shot by Seth Jones.
14:06 of 2nd period - Shot Blocked by Duncan Keith.
14:08 of 2nd period - Shot by Seth Jones.
14:08 of 2nd period - Shot Misses the Net.
14:33 of 2nd period - Mark Borowiecki is hit by Tyler Seguin and loses puck.
14:45 of 2nd period - Jeff Skinner is hit by Mark Borowiecki and loses puck.
14:50 of 2nd period - Shot by Jason Zucker.
14:50 of 2nd period - Stopped by Matthew Murray without a rebound.
14:51 of 2nd period - John Tavares wins face-off versus Oskar Sundqvist in ANAHEIM OUTLAWS zone.
15:02 of 2nd period - Shot by Vladimir Sobotka.
15:02 of 2nd period - Stopped by Matthew Murray with a rebound.
15:39 of 2nd period - Icing by John Tavares.
15:40 of 2nd period - Chris Tierney wins face-off versus John Tavares in ANAHEIM OUTLAWS zone.
15:54 of 2nd period - Icing by John Tavares.
15:55 of 2nd period - John Tavares wins face-off versus Jason Zucker in ANAHEIM OUTLAWS zone.
16:11 of 2nd period - Tyler Seguin is hit by Thomas Hickey and loses puck.
16:26 of 2nd period - Shot by Jeff Skinner.
16:26 of 2nd period - Shot Misses the Net.
16:28 of 2nd period - Shot by Jason Zucker.
16:28 of 2nd period - Stopped by Matthew Murray without a rebound.
16:29 of 2nd period - Chris Tierney wins face-off versus Matt Duchene in ANAHEIM OUTLAWS zone.
17:09 of 2nd period - Josh Bailey is hit by Mark Borowiecki and loses puck.
17:26 of 2nd period - Shot by Tyler Seguin.
17:26 of 2nd period - Stopped by Matthew Murray with a rebound.
17:28 of 2nd period - Shot by Jeff Skinner.
17:28 of 2nd period - Shot Blocked by Mark Borowiecki.
17:30 of 2nd period - Shot by Zemgus Girgensons.
17:30 of 2nd period - Stopped by Matthew Murray without a rebound.
17:31 of 2nd period - Oskar Sundqvist wins face-off versus Adrian Kempe in ANAHEIM OUTLAWS zone.
17:58 of 2nd period - Icing by Robert Bortuzzo.
17:59 of 2nd period - Adrian Kempe wins face-off versus Tyler Seguin in ANAHEIM OUTLAWS zone.
18:03 of 2nd period - Off-side.
18:04 of 2nd period - Michael Rasmussen wins face-off versus Zemgus Girgensons in neutral zone.
18:17 of 2nd period - Shot by John Tavares.
18:17 of 2nd period - Shot Misses the Net.
18:27 of 2nd period - Shot by John Tavares.
18:27 of 2nd period - Stopped by Semyon Varlamov without a rebound.
18:28 of 2nd period - Chris Tierney wins face-off versus Matt Duchene in SEATTLE GRUNGE zone.
18:39 of 2nd period - Shot by Roman Josi.
18:39 of 2nd period - Shot Misses the Net.
19:15 of 2nd period - Icing by Jonathan Drouin.
19:16 of 2nd period - Matt Duchene wins face-off versus Tyler Seguin in ANAHEIM OUTLAWS zone.
19:31 of 2nd period - Shot by Jeff Skinner.
19:31 of 2nd period - Stopped by Matthew Murray with a rebound.
19:33 of 2nd period - Shot by Damon Severson.
19:33 of 2nd period - Deflect By Tyler Seguin.
19:33 of 2nd period - Stopped by Matthew Murray without a rebound.
19:34 of 2nd period - Michael Rasmussen wins face-off versus Oskar Sundqvist in ANAHEIM OUTLAWS zone.
19:49 of 2nd period - Shot by Michael Rasmussen.
19:49 of 2nd period - Shot Misses the Net.
19:59 of 2nd period - Shot by Duncan Keith.
19:59 of 2nd period - Shot Misses the Net.
Goals for this period are 0 for SEATTLE GRUNGE vs 0 for ANAHEIM OUTLAWS.
Shots for this period are 15 for SEATTLE GRUNGE vs 9 for ANAHEIM OUTLAWS.

3rd period


0:01 of 3rd period - John Tavares wins face-off versus Tyler Seguin in neutral zone.
0:08 of 3rd period - Icing by Mark Borowiecki.
0:09 of 3rd period - John Tavares wins face-off versus Tyler Seguin in ANAHEIM OUTLAWS zone.
0:09 of 3rd period - Jonathan Audy-Marchessault is hit by Jason Zucker.
0:23 of 3rd period - Shot by John Tavares.
0:23 of 3rd period - Stopped by Semyon Varlamov without a rebound.
0:24 of 3rd period - Adrian Kempe wins face-off versus Chris Tierney in SEATTLE GRUNGE zone.
0:24 of 3rd period - Richard Panik is hit by Yannick Weber.
0:36 of 3rd period - Shot by Richard Panik.
0:36 of 3rd period - Shot Blocked by Michael Frolik.
0:38 of 3rd period - Shot by Maxime Lajoie.
0:38 of 3rd period - Goal by Maxime Lajoie - SEATTLE GRUNGE : 0 - ANAHEIM OUTLAWS : 1.
0:39 of 3rd period - Tyler Seguin wins face-off versus John Tavares in neutral zone.
0:46 of 3rd period - Shot by Jason Zucker.
0:46 of 3rd period - Stopped by Matthew Murray without a rebound.
0:47 of 3rd period - John Tavares wins face-off versus Zemgus Girgensons in ANAHEIM OUTLAWS zone.
1:23 of 3rd period - Shot by John Tavares.
1:23 of 3rd period - Shot Misses the Net.
1:25 of 3rd period - Shot by Jonathan Audy-Marchessault.
1:25 of 3rd period - Stopped by Semyon Varlamov without a rebound.
1:26 of 3rd period - Josh Bailey wins face-off versus Adrian Kempe in SEATTLE GRUNGE zone.
1:44 of 3rd period - Shot by Richard Panik.
1:44 of 3rd period - Stopped by Semyon Varlamov with a rebound.
2:07 of 3rd period - Shot by Adrian Kempe.
2:07 of 3rd period - Stopped by Semyon Varlamov without a rebound.
2:08 of 3rd period - Michael Rasmussen wins face-off versus Tyler Seguin in SEATTLE GRUNGE zone.
2:33 of 3rd period - Shot by John Tavares.
2:33 of 3rd period - Shot Misses the Net.
2:35 of 3rd period - Shot by John Tavares.
2:35 of 3rd period - Shot Blocked by Tyler Seguin.
3:03 of 3rd period - Shot by Jonathan Drouin.
3:03 of 3rd period - Stopped by Semyon Varlamov with a rebound.
3:05 of 3rd period - Shot by Duncan Keith.
3:05 of 3rd period - Shot Misses the Net.
3:07 of 3rd period - Shot by Matt Duchene.
3:07 of 3rd period - Stopped by Semyon Varlamov without a rebound.
3:08 of 3rd period - Adrian Kempe wins face-off versus Oskar Sundqvist in SEATTLE GRUNGE zone.
3:08 of 3rd period - Richard Panik is hit by Rasmus Dahlin and loses puck.
3:32 of 3rd period - Shot by Adrian Kempe.
3:32 of 3rd period - Shot Misses the Net.
5:13 of 3rd period - Shot by Jeff Skinner.
5:13 of 3rd period - Shot Blocked by Duncan Keith.
5:15 of 3rd period - Shot by Jason Zucker.
5:15 of 3rd period - Shot Misses the Net.
5:19 of 3rd period - Shot by Tyler Seguin.
5:19 of 3rd period - Shot Misses the Net.
5:22 of 3rd period - Jason Zucker is hit by Mark Borowiecki and loses puck.
5:57 of 3rd period - Shot by Vladimir Sobotka.
5:57 of 3rd period - Shot Misses the Net.
6:48 of 3rd period - Shot by Tyler Seguin.
6:48 of 3rd period - Shot Misses the Net.
7:58 of 3rd period - Michael Grabner is hit by Jeff Skinner and loses puck.
8:25 of 3rd period - Roman Josi is hit by Jonathan Audy-Marchessault and loses puck.
8:45 of 3rd period - Shot by John Tavares.
8:45 of 3rd period - Shot Misses the Net.
8:47 of 3rd period - Shot by John Tavares.
8:47 of 3rd period - Shot Misses the Net.
9:12 of 3rd period - Icing by Keith Yandle.
9:13 of 3rd period - Matt Duchene wins face-off versus Chris Tierney in ANAHEIM OUTLAWS zone.
9:13 of 3rd period - Matt Duchene is hit by Michael Frolik.
10:07 of 3rd period - Shot by Tyler Seguin.
10:07 of 3rd period - Shot Misses the Net.
10:39 of 3rd period - Icing by Yannick Weber.
10:40 of 3rd period - Tyler Seguin wins face-off versus Adrian Kempe in SEATTLE GRUNGE zone.
10:44 of 3rd period - Jason Zucker is hit by Robert Bortuzzo and loses puck.
10:59 of 3rd period - Icing by Seth Jones.
11:00 of 3rd period - John Tavares wins face-off versus Oskar Sundqvist in SEATTLE GRUNGE zone.
11:05 of 3rd period - Shot by Jonathan Audy-Marchessault.
11:05 of 3rd period - Goal by Jonathan Audy-Marchessault - SEATTLE GRUNGE : 0 - ANAHEIM OUTLAWS : 2.
11:06 of 3rd period - John Tavares wins face-off versus Michael Frolik in neutral zone.
12:52 of 3rd period - Shot by Adrian Kempe.
12:52 of 3rd period - Stopped by Semyon Varlamov without a rebound.
12:53 of 3rd period - Adrian Kempe wins face-off versus Oskar Sundqvist in SEATTLE GRUNGE zone.
12:54 of 3rd period - Shot by Richard Panik.
12:54 of 3rd period - Stopped by Semyon Varlamov with a rebound.
13:18 of 3rd period - Shot by Oskar Sundqvist.
13:18 of 3rd period - Shot Misses the Net.
13:20 of 3rd period - Shot by Oskar Sundqvist.
13:20 of 3rd period - Shot Misses the Net.
13:29 of 3rd period - Vladimir Sobotka is hit by Mark Borowiecki and loses puck.
13:51 of 3rd period - Shot by Michael Frolik.
13:51 of 3rd period - Stopped by Matthew Murray without a rebound.
13:52 of 3rd period - Tyler Seguin wins face-off versus Matt Duchene in ANAHEIM OUTLAWS zone.
14:15 of 3rd period - Shot by Matt Duchene.
14:15 of 3rd period - Stopped by Semyon Varlamov with a rebound.
14:17 of 3rd period - Shot by Matt Duchene.
14:17 of 3rd period - Shot Misses the Net.
14:26 of 3rd period - Icing by Jason Zucker.
14:27 of 3rd period - Tyler Seguin wins face-off versus Michael Rasmussen in SEATTLE GRUNGE zone.
15:33 of 3rd period - Shot by Jonathan Drouin.
15:33 of 3rd period - Stopped by Semyon Varlamov without a rebound.
15:34 of 3rd period - Adrian Kempe wins face-off versus Oskar Sundqvist in SEATTLE GRUNGE zone.
15:45 of 3rd period - Shot by Richard Panik.
15:45 of 3rd period - Shot Misses the Net.
15:47 of 3rd period - Shot by Robert Bortuzzo.
15:47 of 3rd period - Stopped by Semyon Varlamov without a rebound.
15:48 of 3rd period - Matt Duchene wins face-off versus Zemgus Girgensons in SEATTLE GRUNGE zone.
15:48 of 3rd period - Jonathan Drouin is hit by Rasmus Dahlin and loses puck.
15:59 of 3rd period - Minor Penalty to Mark Borowiecki for Interference.
16:00 of 3rd period - Jonathan Audy-Marchessault wins face-off versus Oskar Sundqvist in ANAHEIM OUTLAWS zone.
16:00 of 3rd period - Jonathan Audy-Marchessault is hit by J.T. Brown.
16:29 of 3rd period - Minor Penalty to J.T. Brown for High sticking.
16:30 of 3rd period - Tyler Seguin wins face-off versus John Tavares in SEATTLE GRUNGE zone.
17:02 of 3rd period - Off-side.
17:03 of 3rd period - Jonathan Drouin wins face-off versus Chris Tierney in neutral zone.
17:06 of 3rd period - Shot by Matt Duchene.
17:06 of 3rd period - Shot Blocked by Seth Jones.
17:35 of 3rd period - Jason Zucker is hit by Robert Bortuzzo and loses puck.
18:07 of 3rd period - Shot by John Tavares.
18:07 of 3rd period - Deflect By Jonathan Audy-Marchessault.
18:07 of 3rd period - Goal by Jonathan Audy-Marchessault - SEATTLE GRUNGE : 0 - ANAHEIM OUTLAWS : 3.
18:08 of 3rd period - John Tavares wins face-off versus Zemgus Girgensons in neutral zone.
18:25 of 3rd period - Shot by Jonathan Audy-Marchessault.
18:25 of 3rd period - Stopped by Semyon Varlamov with a rebound.
19:26 of 3rd period - Shot by Adrian Kempe.
19:26 of 3rd period - Shot Misses the Net.
19:28 of 3rd period - Shot by Thomas Hickey.
19:28 of 3rd period - Shot Misses the Net.
19:46 of 3rd period - Shot by Michael Grabner.
19:46 of 3rd period - Stopped by Semyon Varlamov with a rebound.
19:50 of 3rd period - Shot by Michael Grabner.
19:50 of 3rd period - Shot Blocked by Damon Severson.
Goals for this period are 0 for SEATTLE GRUNGE vs 3 for ANAHEIM OUTLAWS.
Shots for this period are 2 for SEATTLE GRUNGE vs 16 for ANAHEIM OUTLAWS.


SEBASTIAN
AHO
MARK
SCHEIFELE
JAKE
OETTINGER

EAST COAST

HOCKEY LEAGUE

  • 17.QUE3CHI2
  • 18.CHA2LIM4
  • 19.TRV3LON2
  • 20.CHW1BAL2
  • 21.PITMAN
  • 22.ATLNHW
  • 23.WORPET
  • 24.RHI